 Dungeon Crawl Stone Soup version 0.25.0-9-g26727b6 (webtiles) character file.

Game seed: 4091868162090765385

64721 HilariousDeathArtist the Nimble (level 14, -5/115 HPs)
             Began as a Vampire Air Elementalist on June 19, 2020.
             Was the Champion of Vehumet.
             Killed from afar by a yak (23 damage)
             ... with an exploding inner flame
             ... hexed by the player character
             ... on level 5 of the Lair of Beasts.
             The game lasted 00:47:21 (21272 turns).

HilariousDeathArtist the Nimble (VpAE)             Turns: 21272, Time: 00:47:21

Health: -5/115     AC: 25    Str: 12    XL:     14   Next: 72%
Magic:  0/17       EV: 13    Int: 20    God:    Vehumet [******]
Gold:   3570       SH:  0    Dex: 20    Spells: 7/17 levels left

rFire    . . .     SeeInvis +   a - +3 demon trident (vamp)
rCold    . . .     Gourm    .   (no shield)
rNeg     . . .     Faith    .   b - +3 plate armour of Card Tricks {*Drain Regen+ Slay+5 SInv}
rPois    .         Spirit   +   j - +2 helmet "Vylu" {rElec Regen+ Str+4 Dex-2}
rElec    +         Reflect  .   t - +2 cloak {rCorr}
rCorr    +         Harm     .   u - +2 pair of gloves
MR       +....                  l - +2 pair of boots
Stlth    ..........             S - amulet of guardian spirit {Spirit}
HPRegen  1.29/turn              o - +6 ring of dexterity
MPRegen  0.15/turn              V - +4 ring of evasion

@: regenerating quickly, studying Long Blades
A: no food, fangs 3, see invisible, deformed body, unbreathing
a: Exsanguinate, Renounce Religion


You were on level 5 of the Lair of Beasts.
You worshipped Vehumet.
Vehumet was exalted by your worship.
You were alive.

You visited 2 branches of the dungeon, and saw 20 of its levels.
You also visited: Ossuary.

You collected 3929 gold pieces.
You spent 359 gold pieces at shops.

Inventory:

Hand Weapons
 a - a +3 vampiric demon trident (weapon)
   (You took it off Louise on level 14 of the Dungeon)
Missiles
 E - 6 curare-tipped darts
 I - a throwing net {=f, !d}
Armour
 b - the +3 plate armour of Card Tricks (worn) {*Drain Regen+ Slay+5 SInv}
   (You found it on level 8 of the Dungeon)

   It affects your accuracy and damage with ranged weapons and melee attacks
   (+5).
   It lets you see invisible.
   It increases your rate of regeneration.
   It causes draining when unequipped.
 j - the +2 helmet "Vylu" (worn) {rElec Regen+ Str+4 Dex-2}
   (You took it off Robin on level 3 of the Dungeon)

   It affects your strength (+4).
   It affects your dexterity (-2).
   It insulates you from electricity.
   It increases your rate of regeneration.
 l - a +2 pair of boots (worn)
   (You found it on level 3 of the Dungeon)
 p - the +7 plate armour of the Orange Skies {*Contam MR++ Str+3 Int+3}
   (You found it on level 4 of the Dungeon)

   It affects your strength (+3).
   It affects your intelligence (+3).
   It affects your resistance to hostile enchantments.
   It causes magical contamination when unequipped.
 t - a +2 cloak of preservation (worn)
   (You bought it in a shop on level 14 of the Dungeon)
 u - a +2 pair of gloves (worn)
   (You found it on level 10 of the Dungeon)
 D - the cursed +1 leather armour "Wuifefam" {rElec rF+++ Int+8 Dex-2}
   (You found it on level 2 of the Lair of Beasts)

   It affects your intelligence (+8).
   It affects your dexterity (-2).
   It renders you almost immune to fire.
   It insulates you from electricity.
   It has a curse placed upon it.
Jewellery
 k - an uncursed amulet of reflection
   (You took it off Terence on level 3 of the Dungeon)
 o - a +6 ring of dexterity (left hand)
   (You found it on level 4 of the Dungeon)
 q - the ring "Gipois" {Ice MR- Dex+4 Stlth+, unknown}
   (You found it on level 4 of the Lair of Beasts)

   [ring of ice]

   It enhances your ice magic.
   It affects your dexterity (+4).
   It makes you vulnerable to fire.
   It protects you from cold.
   It affects your resistance to hostile enchantments.
   It makes you more stealthy.
 F - an uncursed ring of protection from fire {rF+, !d}
   (You found it on level 3 of the Lair of Beasts)
 S - an amulet of guardian spirit (around neck) {Spirit}
   (You found it on level 3 of the Lair of Beasts)
 V - a +4 ring of evasion (right hand)
   (You found it on level 13 of the Dungeon)
Wands
 n - a wand of paralysis (23)
   (You found it on level 4 of the Dungeon)
 y - a wand of enslavement (6)
   (You took it off Joseph on level 7 of the Dungeon)
 M - a wand of acid (7)
   (You found it on level 6 of the Dungeon)
 N - a wand of polymorph (18)
   (You found it on level 5 of the Dungeon)
 P - a wand of flame (57)
   (You took it off Dowan on level 6 of the Dungeon)
 R - a wand of clouds (4)
   (You took it off a kobold on level 11 of the Dungeon)
 X - a wand of iceblast (13)
   (You found it on level 14 of the Dungeon)
 Z - a wand of disintegration (13)
   (You found it on level 14 of the Dungeon)
Scrolls
 e - 2 scrolls of blinking {!r}
 f - 3 scrolls of remove curse
 h - 2 scrolls of silence
 m - 5 scrolls of immolation {!r}
 s - 4 scrolls of teleportation
 B - 4 scrolls of amnesia
 G - 10 scrolls of identify
 K - 3 scrolls of fog
 Q - 4 scrolls of magic mapping {!r}
 Y - a scroll of enchant armour
Potions
 d - 9 potions of curing
 g - 7 potions of stabbing
 v - a potion of degeneration {!q}
 z - 7 potions of heal wounds
 A - 2 potions of ambrosia
 C - 4 potions of brilliance
 H - 2 potions of mutation {!q}
 J - a potion of magic
 T - a potion of resistance
 W - 3 potions of haste
Books
 c - a manual of Long Blades {!d}
   (You found it on level 7 of the Dungeon)
Miscellaneous
 i - a phial of floods (inert)
   (You found it on level 1 of the Lair of Beasts)
 w - a box of beasts
 x - a lightning rod (4/4)
   (You found it on level 3 of the Lair of Beasts)
 L - a tin of tremorstones (3/3)
   (You found it on level 9 of the Dungeon)


   Skills:
 - Level 12.1 Fighting
 + Level 11.4(12.0) Polearms
   Level 5.5(8.8) Staves
 - Level 7.9 Armour
 - Level 14.1 Dodging
 - Level 3.0 Stealth
 - Level 2.0 Spellcasting
 - Level 4.8 Conjurations
 - Level 5.8 Air Magic


You had 7 spell levels left.
You knew the following spells:

 Your Spells              Type           Power        Failure   Level  Hunger
a - Shock                 Conj/Air       ###.         41%         1    N/A
c - Airstrike             Air            ####......   96%         4    N/A
x - Lightning Bolt        Conj/Air       ###.......   100%        5    N/A

Your spell library contained the following spells:

 Spells                   Type           Power        Failure   Level  Hunger
 Ozocubu's Refrigeration  Ice            #.........   100%        6    N/A
 Static Discharge         Conj/Air       ###.....     75%         3    N/A
 Animate Skeleton         Necr           N/A          100%        1    N/A
 Apportation              Tloc           #.....       100%        1    N/A
 Corona                   Hex            #......      100%        1    N/A
 Summon Butterflies       Summ           #.......     100%        1    N/A
 Summon Small Mammal      Summ           #...         100%        1    N/A
 Swiftness                Chrm/Air       ##......     100%        2    N/A
 Call Canine Familiar     Summ           #.......     100%        3    N/A
 Lesser Beckoning         Tloc           #.........   100%        3    N/A
 Tukima's Dance           Hex            #.......     100%        3    N/A
 Summon Ice Beast         Ice/Summ       #.......     100%        4    N/A
 Alistair's Intoxication  Tmut/Pois      #.......     100%        5    N/A
 Summon Mana Viper        Hex/Summ       #.......     100%        5    N/A
 Invisibility             Hex            #.......     100%        6    N/A
 Summon Hydra             Summ           #.........   100%        7    N/A

Dungeon Overview and Level Annotations

Branches:
Dungeon (15/15)            Temple (0/1) D:4            Lair (5/6) D:8
 Shoals (0/4) Lair:4        Snake (0/4) Lair:2          Orc (0/2) D:9
 Vaults (0/5) D:13         Depths (0/5) D:15        Ossuary (visited)
  Slime: Lair:5-6

Altars:
Cheibriados
Hepliaklqana
Makhleb
Vehumet
Yredelemnul
Zin

Shops:
D:9 [   D:14 [   D:15 *

Annotations:
D:7 1 transporter, Icepheonix32's ghost, novice TeAE
Lair:5 Rupert


Innate Abilities, Weirdness & Mutations

You do not eat.
Your natural rate of healing is unusually fast.
You have razor-sharp teeth.
You have supernaturally acute eyesight. (SInv)
You can survive without breathing.
Armour fits poorly on your strangely shaped body.


Message History

The yak gores you but does no damage.
You take 8 damage, and have 94/115 hp.
You now have 14/17 mp.
The yak gores you but does no damage.
The yak gores the plant but does no damage.
The yak gores the plant.
The yak gores you but does no damage.
You impale the yak!! You bite the yak. The yak misses you.
The crocodile barely misses you.
The yak gores the plant.
A black mamba comes into view.
The black mamba hisses angrily.
The yak gores the plant.
The yak gores you but does no damage. x2
The yak closely misses you. x2; The yak gores the plant.
The yak gores you. The crocodile barely misses you.
The yak gores the plant!
The yak completely misses you.
The yak snorts and paws the ground.
The yak misses you.
The black mamba bites you but does no damage.
You regained 2 hp, and now have 98/115 hp.
You closely miss the rime drake. The yak gores you.
The yak completely misses you. The black mamba misses you.
The rime drake breathes ice at you.
The flash freeze hits you but does no damage.
You are encased in ice.
The black mamba bites you but does no damage.
The rime drake closely misses you. The yak gores you.
You take 1 damage, and have 97/115 hp.
You now have 14/17 mp.
Rupert screams, "You killed all those lovely monsters, you murderer!"
The rime drake bites you but does no damage.
The black mamba bites you but does no damage.
The yak gores you but does no damage.
There is a stone staircase leading up here.
You regained 2 hp, and now have 99/115 hp.
Really read
m - 6 scrolls of immolation {!r}?
Really read the scroll of immolation?
As you read the scroll of immolation {!r}, it crumbles to dust.
The creatures around you are filled with an inner flame!
The black mamba bites you but does no damage.
The rime drake barely misses you.
A blink frog comes into view.
Rupert looks excited.
The black mamba barely misses you. The yak gores you but does no damage.
You miss the rime drake. The ice encasing you melts away.
The rime drake bites you but does no damage.
The black mamba closely misses you.
You completely miss the rime drake.
Flame seeps out of the rime drake.
You bite the rime drake. The black mamba closely misses you.
The blink frog blinks!
The yak gores you but does no damage.
The rime drake is engulfed in blazing flames.
Flame seeps out of the rime drake.
The rime drake barely misses you. The yak barely misses you.
A blink frog comes into view.
The yak gores you but does no damage. x2; The yak gores you.
You take 2 damage, and have 99/115 hp.
The blink frog gives a loud, deep croak!
You puncture the rime drake!
Flame seeps out of the rime drake.
The black mamba bites you.
The blink frog blinks!
The rime drake is engulfed in blazing flames.
The rime drake explodes!
The fiery explosion engulfs you!
The fiery explosion engulfs the yak!!
The yak explodes!
The fiery explosion engulfs the yak!
Flame seeps out of the yak.
The fiery explosion engulfs the yak!!
Flame seeps out of the yak.
The fiery explosion engulfs Rupert!!
Flame seeps out of Rupert.
The fiery explosion engulfs the black mamba!!!
The black mamba explodes!
The fiery explosion engulfs the yak!!
The yak explodes!
The fiery explosion engulfs the crocodile!!
The crocodile explodes!
The fiery explosion engulfs the yak!!!
The yak explodes!
The fiery explosion engulfs the plant!!!
The fiery explosion engulfs the yak!!!
The yak explodes!
Vehumet accepts your kill.
You feel your power returning. The fiery explosion engulfs you!!!
Vehumet accepts your kill.
You feel your power returning.
The fiery explosion engulfs the plant!!!
You destroy the plant!
Vehumet accepts your kill.
You feel your power returning. The fiery explosion engulfs you!!
The fiery explosion engulfs the yak!!
Flame seeps out of the yak.
Vehumet accepts your kill.
You feel your power returning. The fiery explosion engulfs you!!
* * * LOW HITPOINT WARNING * * *
The fiery explosion engulfs the yak!!!
Flame seeps out of the yak.
The fiery explosion engulfs Rupert!!
Flame seeps out of Rupert.
Vehumet accepts your kill.
You feel your power returning. Vehumet accepts your kill.
You feel your power returning.
The fiery explosion engulfs the yak!!
Flame seeps out of the yak.
The fiery explosion engulfs the yak!!
The yak explodes!
The fiery explosion engulfs the yak!!!
The yak explodes!
The fiery explosion engulfs the yak!!!
The yak explodes!
The fiery explosion engulfs you!!
You die...

.. . ....
.§#.?#...).
.F)#.....F.
..........
#.#....... .
##§§§........ #..
##§§§§...# ...
....#§§@§§.###...
.%..§§§§○YY......
....§§§§@Y..#....
%....§§§§..#.....
..........†.......
..........P.......
..%%.#.%.%.......#
...#.....PP..%....
.....#P.P.........


You could see Rupert (inner flame), 3 yaks and 2 blink frogs.

Vanquished Creatures
  Jorgrun (D:14)
  Gastronok (D:10)
  Louise (D:14)
  An ironheart preserver (D:13)
  The ghost of Shayle the End of an Era, a journeyman DsWr of Qazlal (Lair:3)
  3 hydras
  2 rakshasas (D:15)
  Erolcha (D:11)
  An ice dragon (Lair:3)
  2 centaur warriors
  A two-headed ogre (D:10)
  6 death yaks
  A catoblepas (Lair:3)
  A glowing orange brain (D:15)
  A phantasmal warrior (D:15)
  A wolf spider zombie (D:13)
  3 cyclopes
  6 ugly things
  5 manticores
  Joseph (D:7)
  Maurice (D:10)
  2 black mambas
  An ice statue (D:11)
  A torpor snail (Lair:2)
  3 spiny frogs
  4 centaur skeletons
  4 rime drakes
  3 freezing wraiths (D:15)
  10 komodo dragons
  2 kobold demonologists
  2 merfolk (Lair:4)
  A polar bear (shapeshifter) (D:13)
  7 trolls
  A polar bear (Lair:3)
  Grinder (D:3)
  A blink frog (Lair:2)
  17 slime creatures
  A meliai zombie (D:11)
  9 hippogriffs
  Sigmund (D:6)
  A redback (shapeshifter) (D:15)
  A vampire (D:13)
  3 shadows
  4 wyverns
  A yak (shapeshifter) (D:15)
  31 yaks
  A tarantella (shapeshifter) (D:12)
  A basilisk (D:14)
  A fire bat (D:11)
  Grum (D:11)
  3 vampire mosquitoes (D:12)
  A golden eye (Lair:2)
  2 steam dragons
  An acid dragon (D:11)
  4 wargs (D:13)
  Duvessa (D:6)
  6 nagas (Lair:2)
  7 water moccasins
  4 porcupines
  4 sky beasts
  17 ice beasts
  3 necrophages
  12 orc warriors
  4 phantoms
  8 ogres
  7 wolves
  4 centaurs
  19 bullfrogs
  9 crocodiles
  A gnoll sergeant (D:8)
  5 big kobolds
  18 scorpions
  Dowan (D:6)
  A blink frog simulacrum (Lair:3)
  18 killer bees
  7 electric eels
  A howler monkey (D:14)
  15 wights
  A rime drake simulacrum (Lair:3)
  6 crimson imps
  A torpor snail simulacrum (Lair:3)
  A centaur zombie (Ossuary)
  A bullfrog zombie (D:10)
  6 hounds
  A human zombie (Ossuary)
  5 jellies
  Crazy Yiuf (D:3)
  10 orc priests
  4 bullfrog skeletons
  A gnoll shaman (D:5)
  8 orc wizards
  Natasha (thrice) (D:3)
  4 iguanas
  Terence (D:3)
  13 worker ants
  A killer bee zombie (D:7)
  A basilisk simulacrum (Lair:3)
  3 mummies (Ossuary)
  A worker ant zombie (D:8)
  Robin (D:3)
  15 gnolls
  A howler monkey skeleton (D:9)
  An adder (shapeshifter) (D:15)
  3 scorpion zombies (Ossuary)
  16 adders
  4 shadow imps
  5 oozes (D:8)
  2 adder skeletons
  2 worms
  A dart slug (D:5)
  5 leopard geckos
  38 orcs
  5 giant cockroaches
  18 goblins
  7 hobgoblins
  9 jackals
  23 kobolds
  4 quokkas
  4 ball pythons
  10 bats
  4 frilled lizards
  2 gnoll zombies (Ossuary)
  3 goblin zombies (Ossuary)
  2 hobgoblin zombies (Ossuary)
  2 jackal skeletons
  A jackal zombie (D:9)
  2 kobold zombies (Ossuary)
  A leopard gecko zombie (D:6)
  An orc zombie (Ossuary)
  A quokka skeleton (D:5)
  A quokka zombie (D:3)
  11 rats
  2 fungi
  A plant (Lair:5)
621 creatures vanquished.

Vanquished Creatures (collateral kills)
  A death knight (D:15)
  A yak (D:14)
  A tarantella (shapeshifter) (D:14)
  An acid dragon (D:11)
  A gnoll sergeant (D:7)
5 creatures vanquished.

Vanquished Creatures (others)
  A hydra (Lair:2)
  A centaur skeleton (D:13)
  A tengu conjurer (D:14)
  A vampire mosquito (D:12)
  A hornet zombie (D:11)
  A swamp drake (D:10)
  A gnoll sergeant (D:7)
  An orc warrior (D:6)
  2 scorpions (Ossuary)
  2 centaur zombies
  A jelly (D:8)
  An adder (D:11)
  A gnoll (D:8)
  A scorpion zombie (Ossuary)
  An orc (D:11)
  9 fungi
  15 plants
41 creatures vanquished.

Grand Total: 667 creatures vanquished

Notes
Turn   | Place    | Note
-------+----------+-------------------------------------------
     0 | D:1      | HilariousDeathArtist the Vampire Air Elementalist began the
                  | quest for the Orb.
     0 | D:1      | Reached XP level 1. HP: 13/13 MP: 3/3
   201 | D:1      | Reached skill level 1 in Conjurations
   339 | D:1      | Reached XP level 2. HP: 15/19 MP: 0/5
   715 | D:2      | Reached skill level 2 in Conjurations
   756 | D:2      | Found a faded altar of an unknown god.
   773 | D:2      | Became a worshipper of Vehumet
   773 | D:2      | Reached * piety under Vehumet
   773 | D:2      | Offered knowledge of Freeze by Vehumet.
   786 | D:2      | Reached XP level 3. HP: 16/24 MP: 0/6
  1261 | D:2      | Offered knowledge of Foxfire by Vehumet.
  1314 | D:2      | Reached XP level 4. HP: 30/30 MP: 7/7
  1340 | D:2      | Reached ** piety under Vehumet
  1701 | D:3      | Reached skill level 3 in Conjurations
  1708 | D:3      | Noticed Grinder
  1716 | D:3      | Paralysed by Grinder for 2 turns
  1823 | D:3      | Found a runed translucent door.
  1824 | D:3      | Noticed Crazy Yiuf
  1865 | D:3      | Noticed an ogre
  1876 | D:3      | Noticed Terence
  2137 | D:3      | Reached XP level 5. HP: 19/35 MP: 0/8
  2274 | D:3      | Noticed Natasha
  2279 | D:3      | Killed Natasha
  2279 | D:3      | Reached skill level 4 in Air Magic
  2329 | D:3      | Noticed Natasha
  2333 | D:3      | Killed Natasha
  2400 | D:3      | Noticed Natasha
  2405 | D:3      | Killed Natasha
  2545 | D:3      | Reached XP level 6. HP: 30/41 MP: 1/9
  2550 | D:3      | Offered knowledge of Dazzling Flash by Vehumet.
  2686 | D:3      | Reached skill level 4 in Conjurations
  2688 | D:3      | Identified the +2 helmet "Vylu" {rElec Regen+ Str+4 Dex-2}
  2688 | D:3      | Noticed Robin
  2796 | D:4      | Learned a level 4 spell: Airstrike
  2840 | D:3      | Killed Robin
  3009 | D:3      | Killed Terence
  3076 | D:3      | Killed Grinder
  3076 | D:3      | Reached *** piety under Vehumet
  3076 | D:3      | Reached skill level 5 in Air Magic
  3076 | D:3      | Reached XP level 7. HP: 35/46 MP: 2/10
  3083 | D:3      | Learned a level 5 spell: Lightning Bolt
  3711 | D:3      | Killed Crazy Yiuf
  3819 | D:4      | Got a scorched plate armour
  3831 | D:4      | Identified the +7 plate armour of the Orange Skies {*Contam
                  | MR++ Str+3 Int+3} (You found it on level 4 of the Dungeon)
  3907 | D:4      | Found a staircase to the Ecumenical Temple.
  4048 | D:5      | Entered Level 5 of the Dungeon
  4070 | D:5      | Offered knowledge of Fulminant Prism by Vehumet.
  4109 | D:4      | Reached skill level 1 in Fighting
  4734 | D:5      | Reached skill level 1 in Staves
  4814 | D:5      | Reached skill level 3 in Dodging
  4833 | D:5      | Reached skill level 1 in Armour
  4884 | D:5      | Reached skill level 2 in Fighting
  4884 | D:5      | Reached XP level 8. HP: 56/56 MP: 11/11
  5036 | D:5      | Noticed Eustachio
  5045 | D:5      | Noticed Eustachio
  5045 | D:5      | Eustachio changed into Eustachio the water moccasin
  5056 | D:5      | Killed Eustachio the water moccasin
  5056 | D:5      | Reached skill level 2 in Staves
  5123 | D:4      | Reached skill level 4 in Dodging
  5168 | D:5      | You fall into a shaft and drop 3 floors!
  5216 | D:8      | Reached **** piety under Vehumet
  5264 | D:8      | Reached skill level 3 in Fighting
  5320 | D:8      | Reached skill level 3 in Staves
  5320 | D:8      | Reached skill level 2 in Armour
  5331 | D:8      | Offered knowledge of Iskenderun's Mystic Blast by Vehumet.
  5351 | D:8      | Reached skill level 5 in Dodging
  5509 | D:7      | Reached XP level 9. HP: 63/65 MP: 12/12
  5514 | D:7      | Noticed Joseph
  5528 | D:7      | Killed Joseph
  5528 | D:7      | Reached skill level 4 in Fighting
  5571 | D:7      | Found a sand-covered staircase.
  5580 | Ossuary  | Entered an ossuary
  5643 | Ossuary  | Reached skill level 4 in Staves
  5654 | Ossuary  | Reached skill level 6 in Dodging
  5774 | Ossuary  | Reached ***** piety under Vehumet
  5774 | Ossuary  | Offered knowledge of Olgreb's Toxic Radiance by Vehumet.
  5794 | Ossuary  | Reached skill level 3 in Armour
  5860 | Ossuary  | Reached skill level 5 in Fighting
  6248 | D:7      | Found a transporter.
  6248 | D:7      | Noticed Icepheonix32's ghost (novice TeAE)
  6420 | D:7      | Found a hazy altar of Hepliaklqana.
  6468 | D:7      | Found a transporter.
  6513 | D:6      | Reached skill level 7 in Dodging
  6687 | D:6      | Reached skill level 5 in Staves
  6732 | D:6      | Reached XP level 10. HP: 65/76 MP: 13/13
  7107 | D:6      | Noticed Edmund
  7115 | D:6      | Noticed Dowan
  7137 | D:6      | Noticed Edmund
  7137 | D:6      | Edmund changed into Edmund the bullfrog
  7143 | D:6      | Killed Edmund the bullfrog
  7147 | D:6      | Killed Dowan
  7167 | D:6      | Noticed Duvessa
  7183 | D:6      | Killed Duvessa
  7183 | D:6      | Reached skill level 6 in Fighting
  7498 | D:6      | Noticed Sigmund
  7506 | D:6      | Killed Sigmund
  7689 | D:7      | Identified the +6 ring mail of the Lily {Dex+8 Stlth-}
  7694 | D:7      | Identified the ring "Qaemaisk" {*Tele rF+ rC+ Str+2 Int-4}
  8054 | D:8      | Found a staircase to the Lair.
  8126 | D:8      | Reached skill level 4 in Armour
  8136 | D:8      | Reached skill level 8 in Dodging
  8586 | D:8      | Got a jade-encrusted plate armour
  8641 | D:8      | Found a glowing silver altar of Zin.
  8694 | D:8      | Offered knowledge of Starburst by Vehumet.
  8982 | D:9      | Found a burning altar of Makhleb.
  8999 | D:9      | Reached skill level 7 in Fighting
  9070 | D:9      | Found a snail-covered altar of Cheibriados.
  9070 | D:9      | Found Cheibriados's Comfort Zone.
  9086 | D:9      | Found a staircase to the Orcish Mines.
  9131 | D:9      | Reached skill level 9 in Dodging
  9389 | D:10     | Entered Level 10 of the Dungeon
  9531 | D:10     | Noticed Gastronok
  9714 | D:10     | Reached XP level 11. HP: 84/84 MP: 14/14
 10038 | D:11     | Noticed a two-headed ogre
 10093 | D:11     | Noticed Maurice
 10110 | D:10     | Killed a two-headed ogre
 10110 | D:10     | Reached skill level 8 in Fighting
 10110 | D:10     | Reached skill level 5 in Armour
 10147 | D:10     | Killed Maurice
 10147 | D:10     | Reached skill level 10 in Dodging
 10185 | D:11     | Noticed Erolcha
 10202 | D:11     | Killed Erolcha
 10389 | D:11     | Offered knowledge of Fireball by Vehumet.
 10423 | D:11     | Reached skill level 9 in Fighting
 10486 | D:11     | Noticed Grum
 10497 | D:11     | Killed Grum
 10503 | D:11     | Reached skill level 11 in Dodging
 10708 | D:11     | HP: 19/88 [ice statue] (12)]
 10720 | D:11     | HP: 21/89 [acid dragon (8)]
 10757 | D:11     | Noticed a frost giant
 10865 | D:11     | Noticed an ice dragon
 10965 | D:12     | Reached skill level 6 in Armour
 11094 | D:12     | Reached XP level 12. HP: 45/97 MP: 15/15
 11408 | D:12     | Reached skill level 10 in Fighting
 11447 | D:12     | Reached skill level 12 in Dodging
 12158 | D:13     | Offered knowledge of Bolt of Magma by Vehumet.
 12567 | D:13     | Noticed a centaur warrior
 12580 | D:13     | Killed a centaur warrior
 12580 | D:13     | Reached skill level 7 in Armour
 12668 | D:13     | Reached skill level 11 in Fighting
 12759 | D:13     | Reached skill level 13 in Dodging
 12796 | D:13     | HP: 19/100 [komodo dragon (33)]
 12796 | D:13     | HP: 4/100 [cyclops (15)]
 13068 | D:13     | Found a gate to the Vaults.
 13068 | D:13     | Noticed an ironheart preserver
 13103 | D:13     | Killed an ironheart preserver
 13155 | D:13     | HP: 19/100 [cyclops (9)]
 13301 | D:13     | Identified the +3 plate armour of Card Tricks {*Drain
                  | Regen+ Slay+5 SInv} (You found it on level 8 of the
                  | Dungeon)
 13332 | D:14     | Noticed Jorgrun
 13342 | D:13     | Gained mutation: Armour fits poorly on your strangely
                  | shaped body. [mutagenic glow]
 13472 | D:14     | Reached XP level 13. HP: 82/106 MP: 16/16
 13515 | D:14     | Found Agorgh's Antique Armour Emporium.
 13659 | D:14     | Bought a glowing cloak for 217 gold pieces
 13702 | D:14     | Noticed Louise
 13992 | D:14     | Killed Jorgrun
 14182 | D:14     | Reached skill level 14 in Dodging
 14187 | D:14     | Reached skill level 12 in Fighting
 14567 | D:15     | Entered Level 15 of the Dungeon
 14567 | D:15     | Found Ziotaed's General Store.
 14682 | D:15     | Bought a scroll of summoning for 142 gold pieces
 14878 | D:14     | Killed Louise
 15143 | D:14     | Found Agorgh's Antique Armour Emporium.
 15268 | D:15     | Found a basalt altar of Yredelemnul.
 15385 | D:15     | Reached skill level 1 in Polearms
 15441 | D:15     | Offered knowledge of Lee's Rapid Deconstruction by Vehumet.
 15441 | D:15     | Reached skill level 2 in Polearms
 15606 | D:15     | Found a basalt altar of Yredelemnul.
 15631 | D:15     | Reached skill level 3 in Polearms
 15913 | D:15     | Reached skill level 4 in Polearms
 15995 | D:15     | Reached skill level 5 in Polearms
 16238 | D:15     | HP: 25/108 [rakshasa (illusionary)/lance of force (18)]
 16396 | D:15     | Reached skill level 6 in Polearms
 16505 | D:15     | Found a staircase to the Depths.
 16953 | D:10     | Killed Gastronok
 16953 | D:10     | Reached skill level 7 in Polearms
 16953 | D:10     | Reached XP level 14. HP: 111/115 MP: 17/17
 17035 | Lair:1   | Entered Level 1 of the Lair of Beasts
 18036 | Lair:2   | Identified a scroll of acquirement
 18037 | Lair:2   | Got a faintly glowing leather armour
 18171 | Lair:2   | Noticed Sonja
 18172 | Lair:2   | Noticed Sonja
 18172 | Lair:2   | Sonja changed into Sonja the golden eye
 18176 | Lair:2   | Killed Sonja the golden eye
 18233 | Lair:2   | Reached skill level 8 in Polearms
 18419 | Lair:3   | Found a runed translucent gate.
 18419 | Lair:3   | Found a runed translucent gate.
 18419 | Lair:3   | Found a runed translucent gate.
 18447 | Lair:3   | Noticed Shayle's ghost (journeyman DsWr)
 18934 | Lair:2   | Found a staircase to the Snake Pit.
 18957 | Lair:2   | Reached skill level 9 in Polearms
 18961 | Lair:2   | Reached ****** piety under Vehumet
 19328 | Lair:2   | Reached skill level 10 in Polearms
 19962 | Lair:3   | Killed Shayle's ghost
 20269 | Lair:3   | Identified the cursed +1 leather armour "Wuifefam" {rElec
                  | rF+++ Int+8 Dex-2} (You found it on level 2 of the Lair of
                  | Beasts)
 20564 | Lair:4   | Offered knowledge of Ozocubu's Refrigeration by Vehumet.
 20642 | Lair:4   | Got a vibrating iron ring
 20840 | Lair:4   | Reached skill level 11 in Polearms
 20953 | Lair:4   | Found a staircase to the Shoals.
 21261 | Lair:5   | Noticed Rupert
 21272 | Lair:5   | HP: 18/115 [black mamba/exploding inner flame[the player
                  | character] (25)]
 21272 | Lair:5   | Killed from afar by a yak

Illustrated notes

Levels and vault maps discovered:
D:1:      saegor_arrival_simple_e, layout_rooms
D:2:      layout_basic, chequers_ecumenical_altar_island
D:3:      layout_loops_cross, uniq_robin, uniq_grinder, uniq_natasha,
          uniq_terence, uniq_crazy_yiuf_cottage
D:4:      layout_cave_pods, minmay_temple_entry_mist, first_ration
D:5:      layout_loops_ring, hangedman_decor_peaks_small, uniq_eustachio
D:6:      layout_basic, uniq_sigmund, uniq_edmund, uniq_duvessa
D:7:      layout_basic, enter_ossuary_5, basic_altar,
          gammafunk_ghost_gnarly_gnolls, uniq_joseph
D:8:      layout_cave_pools, dpeg_oklobed_lair, basic_altar,
          hangedman_little_slice_of_home
D:9:      layout_basic, overflow_temple_1_default, orc_0_dummy, minmay_shop_chei
D:10:     layout_basic, uniq_gastronok
D:11:     minmay_twisted_water, layout_cross, uniq_grum, uniq_erolcha,
          uniq_maurice
D:12:     layout_basic
D:13:     layout_cave_pools, skrybe_vaults_entry_preservation, nooodl_orcs_dogs
D:14:     layout_irregular_city, minmay_misc_feat_alley, serial_shops,
          nicolae_shop_statue_plus, uniq_louise, uniq_jorgrun
D:15:     gammafunk_enter_depths_forms, layout_basic, minmay_misc_feat_enclosed,
          basic_altar, serial_shops, shop, yredelemnul_altar_generic
Lair:1:   layout_regular_city, serial_rivers, chequers_serial_rivers_room_a,
          chequers_serial_rivers_large_b, chequers_serial_rivers_marsh,
          chequers_serial_rivers_micro_b
Lair:2:   layout_long_grid, minmay_snake_entry_guardpost_medium,
          beast_lair_carwin_10, uniq_sonja
Lair:3:   layout_chaotic_city, gammafunk_ghost_icy
Lair:4:   layout_cave_pods, elwin_shoals_entry_stream, grunt_megastairs_1,
          serial_bayou_shore_a
Lair:5:   layout_misc_corridors, dpeg_slime_entry_enclosed_altar,
          grunt_forest_stairs_clearing, uniq_rupert, uniq_nessos

Skill      XL: |  1  2  3  4  5  6  7  8  9 10 11 12 13 14 |
---------------+-------------------------------------------+-----
Conjurations   | 1 2 3 4 |  4.8
Air Magic      | 4 5 |  5.8
Fighting       | 2 3 5 7 9 11 12 | 12.1
Staves         | 1 3 5 |  5.5
Dodging        | 3 5 7 9 11 13 14 | 14.1
Armour         | 1 2 3 4 6 7 |  7.9
Polearms       | 7 11 | 11.4
Stealth        | |  3.0
Spellcasting   | |  2.0

Action                   |  1- 3 |  4- 6 |  7- 9 | 10-12 | 13-15 || total
-------------------------+-------+-------+-------+-------+-------++-------
Melee: Club              |     7 |    50 |     2 |       |       ||    59
       Bite              |       |     3 |    69 |   231 |   172 ||   475
       Quarterstaff      |       |       |   474 |  1220 |   180 ||  1874
       Demon trident     |       |       |       |       |   985 ||   985
 Cast: Shock             |    69 |   129 |    25 |       |       ||   223
       Airstrike         |       |     2 |       |       |       ||     2
Evoke: Wand              |       |       |     2 |    12 |    20 ||    34
       Tin of tremorston |       |       |       |     1 |     3 ||     4
       Phial of floods   |       |       |       |       |     1 ||     1
  Use: Scroll            |     5 |       |     7 |    22 |    15 ||    49
       Potion            |       |     1 |       |     7 |     5 ||    13
 Stab: Paralysed         |       |       |    12 |    11 |     2 ||    25
       Confused          |       |       |     5 |     4 |     2 ||    11
       Petrified         |       |       |       |    10 |       ||    10
       Distracted        |       |       |       |     1 |     1 ||     2
       Sleeping          |       |       |       |       |    13 ||    13
       Invisible         |       |       |       |       |     5 ||     5
Armor: Robe              |     8 |    18 |       |       |       ||    26
       Plate armour      |       |       |   373 |  1064 |   554 ||  1991
Dodge: Dodged            |    28 |    42 |   141 |   786 |   594 ||  1591
Block: Other             |       |       |   128 |   423 |   159 ||   710
       Reflection        |       |       |     1 |     4 |     4 ||     9

Levels and vault maps discovered:
D:1:      saegor_arrival_simple_e, layout_rooms
D:2:      layout_basic, chequers_ecumenical_altar_island
D:3:      layout_loops_cross, uniq_robin, uniq_grinder, uniq_natasha,
          uniq_terence, uniq_crazy_yiuf_cottage
D:4:      layout_cave_pods, minmay_temple_entry_mist, first_ration
D:5:      layout_loops_ring, hangedman_decor_peaks_small, uniq_eustachio
D:6:      layout_basic, uniq_sigmund, uniq_edmund, uniq_duvessa
D:7:      layout_basic, enter_ossuary_5, basic_altar,
          gammafunk_ghost_gnarly_gnolls, uniq_joseph
D:8:      layout_cave_pools, dpeg_oklobed_lair, basic_altar,
          hangedman_little_slice_of_home
D:9:      layout_basic, overflow_temple_1_default, orc_0_dummy, minmay_shop_chei
D:10:     layout_basic, uniq_gastronok
D:11:     minmay_twisted_water, layout_cross, uniq_grum, uniq_erolcha,
          uniq_maurice
D:12:     layout_basic
D:13:     layout_cave_pools, skrybe_vaults_entry_preservation, nooodl_orcs_dogs
D:14:     layout_irregular_city, minmay_misc_feat_alley, serial_shops,
          nicolae_shop_statue_plus, uniq_louise, uniq_jorgrun
D:15:     gammafunk_enter_depths_forms, layout_basic, minmay_misc_feat_enclosed,
          basic_altar, serial_shops, shop, yredelemnul_altar_generic
Lair:1:   layout_regular_city, serial_rivers, chequers_serial_rivers_room_a,
          chequers_serial_rivers_large_b, chequers_serial_rivers_marsh,
          chequers_serial_rivers_micro_b
Lair:2:   layout_long_grid, minmay_snake_entry_guardpost_medium,
          beast_lair_carwin_10, uniq_sonja
Lair:3:   layout_chaotic_city, gammafunk_ghost_icy
Lair:4:   layout_cave_pods, elwin_shoals_entry_stream, grunt_megastairs_1,
          serial_bayou_shore_a
Lair:5:   layout_misc_corridors, dpeg_slime_entry_enclosed_altar,
          grunt_forest_stairs_clearing, uniq_rupert, uniq_nessos

Table legend:
 A = Turns spent in this place as a percentage of turns spent in the entire game.
 B = Non-inter-level travel turns spent in this place as a percentage of non-inter-level travel turns spent in the entire game.
 C = Inter-level travel turns spent in this place as a percentage of turns spent in this place.
 D = Turns resting spent in this place as a percentage of non-inter-level travel turns spent in this place.
 E = Turns spent auto-exploring this place as a percentage of non-inter-level travel turns spent in this place.
 F = Non-inter-level travel turns spent in this place divided by the number of levels of this place that you've seen.
                   A       B       C       D       E      F
               +-------+-------+-------+-------+-------+----------------------
         Total | 100.0 | 100.0 |   6.7 |  14.2 |  56.0 | 945.2
       Dungeon |  78.2 |  77.3 |   7.8 |  15.3 |  54.5 | 1023.3
          Lair |  19.9 |  20.7 |   3.0 |  10.5 |  63.9 | 821.8
       Ossuary |   1.8 |   2.0 |   0.0 |  13.8 |  31.2 | 391.0
               +-------+-------+-------+-------+-------+----------------------

Table legend:
 A = Kills in this place as a percentage of kills in entire the game.
 B = Kills by you in this place as a percentage of kills by you in the entire game.
 C = Kills by friends in this place as a percentage of kills by friends in the entire game.
 D = Other kills in this place as a percentage of other kills in the entire game.
 E = Experience gained in this place as a percentage of experience gained in the entire game.
 F = Experience gained in this place divided by the number of levels of this place that you have seen.
                   A       B       C       D       E      F
               +-------+-------+-------+-------+-------+----------------------
         Total | 100.0 | 100.0 | 100.0 | 100.0 | 100.0 | 4402.8
       Dungeon |  82.3 |  82.5 | 100.0 |  68.8 |  69.5 | 4282.0
          Lair |  12.6 |  12.8 |   0.0 |   6.2 |  29.4 | 5430.8
       Ossuary |   5.2 |   4.7 |   0.0 |  25.0 |   1.2 | 1075.0
               +-------+-------+-------+-------+-------+----------------------
